 Dungeon Crawl Stone Soup version 0.27-a0-1434-g6f15984924 (webtiles) character file.

Game seed: 255239961278708355

294 avis the Insei (level 6, 0/47 HPs)
             Began as a Merfolk Transmuter on July 4, 2021.
             Succumbed to a kobold brigand's poison
             ... in a sewer.
             The game lasted 00:21:10 (3715 turns).

avis the Insei (Merfolk Transmuter)                 Turns: 3715, Time: 00:21:11

Health: 0/47       AC:  2    Str: 11    XL:     6   Next: 34%
Magic:  7/9        EV: 20    Int: 13    God:
Gold:   212        SH:  0    Dex: 20    Spells: 5/9 levels left

rFire    . . .     SeeInvis .     - Unarmed
rCold    . . .     Faith    .   (shield currently unavailable)
rNeg     . . .     Spirit   .   (armour currently unavailable)
rPois    x         Reflect  .   (helmet currently unavailable)
rElec    .         Harm     .   (cloak currently unavailable)
rCorr    .         Rampage  .   (gloves currently unavailable)
Will     .....                  (boots currently unavailable)
Stlth    ++........             (no amulet)
HPRegen  0.15/turn              e - ring of flight
MPRegen  0.11/turn              (no ring)

@: lethally poisoned (0 -> -19), spider-form (expiring), flying
A: venomous fangs, tiny, (nimble swimmer 2), (mertail)
a: End Transformation


You were in a sewer.
You were a venomous arachnid creature.
You visited 1 branch of the dungeon, and saw 4 of its levels.
You also visited: Sewer.

You collected 212 gold pieces.

Inventory:

Hand Weapons
 r - a +0 hunting sling
Missiles
 d - 66 stones
 k - 11 sling bullets
 n - 37 arrows
 p - 18 bolts
 q - a boomerang (quivered)
Armour
 a - a +0 robe (melded)
Magical Staves
 l - a staff of cold
Jewellery
 e - a ring of flight (left front leg)
Scrolls
 c - 3 scrolls of identify {unknown}
 f - 2 scrolls of vulnerability {unknown}
 g - 3 scrolls of enchant armour {unknown}
 h - a scroll of magic mapping {unknown}
 i - a scroll of silence {unknown}
 t - a scroll of holy word {unknown}
Potions
 b - 2 potions of lignification {unknown}
 j - a potion of heal wounds {unknown}
 m - a potion of berserk rage {unknown}
 o - a potion of attraction {unknown}
 s - a potion of haste {unknown}
 u - a potion of mutation {unknown}


   Skills:
 - Level 3.0 Fighting
 - Level 3.0 Dodging
 * Level 6.7 Unarmed Combat
 - Level 2.0 Spellcasting
 - Level 3.0 Transmutations
 - Level 1.0 Poison Magic


You had 5 spell levels left.
You knew the following spells:

 Your Spells              Type           Power      Damage    Failure   Level
a - Beastly Appendage     Tmut           18%        N/A       21%         1
p - Spider Form           Tmut/Pois      3%         N/A       54%         3

Your spell library contained the following spells:

 Spells                   Type           Power      Damage    Failure   Level
 Wereblood                Tmut           9%         N/A       26%         2
 Animate Skeleton         Necr           2%         N/A       47%         1
 Apportation              Tloc           2%         N/A       47%         1
 Corona                   Hex            1%         N/A       47%         1
 Summon Small Mammal      Summ           4%         N/A       47%         1
 Gell's Gravitas          Tloc           0%         N/A       78%         3
 Lesser Beckoning         Tloc           0%         N/A       78%         3
 Teleport Other           Tloc           1%         N/A       78%         3
 Ice Form                 Ice/Tmut       5%         N/A       92%         4


Dungeon Overview and Level Annotations

Branches:
Dungeon (4/15)              Sewer (1/1)
 Temple: D:4-7

Altars:
Zin

Annotations:
D:3 1 runed translucent door, vexzain's ghost, amateur MfMo


Innate Abilities, Weirdness & Mutations

You are a venomous arachnid creature.
You have poisonous fangs.
You are tiny and dextrous.
Your spellcasting is less reliable in this form.
Your armour is entirely melded.
You are incapable of wielding weapons or throwing items.
((You are quick and stealthy near water. (Stealth+, EV+, Speed+++)))
((Your lower body shifts to a powerful aquatic tail in water.))


Message History

The kobold brigand shouts! x3
The kobold brigand hits you with a +0 dagger.
The kobold brigand hits you with a +0 club.
There is a large open door here.
You hit the kobold brigand.
The kobold brigand is poisoned.
The kobold brigand is moderately wounded.
You bite the kobold brigand!
The kobold brigand looks as sick as possible!
The kobold brigand is heavily wounded.
The kobold brigand closely misses you.
The kobold brigand hits you with a +0 dagger.
You hit the kobold brigand but do no damage.
The kobold brigand is poisoned.
Your transformation is almost over.
The kobold brigand hits you with a +0 club.
The kobold brigand hits you with a +0 dagger. x2
The kobold brigand barely misses you.
You hit the kobold brigand.
The kobold brigand is poisoned.
The kobold brigand is lightly wounded.
The kobold brigand completely misses you.
The kobold brigand misses you.
The kobold brigand hits you with a +0 dagger.
The kobold brigand misses you.
You hit the kobold brigand.
The kobold brigand is lightly wounded.
You kill the kobold brigand!
The kobold brigand closely misses you. x2
You hit the kobold brigand.
The kobold brigand is moderately wounded.
The kobold brigand hits you with a +0 dagger.
* * * LOW HITPOINT WARNING * * *
The kobold brigand closely misses you.
The kobold brigand throws a poisoned dart.
The poisoned dart hits you!
You are lethally poisoned!
* * * LOW HITPOINT WARNING * * *
You feel very sick.
The kobold brigand throws a curare-tipped dart.
The curare-tipped dart closely misses you.
You die...

### #### ###.####..####
#####............##
###.................#
#..........P.........
#######K.Ks..†.............
#.!.!#........P............
#....KK≈≈...P≈≈P....P.≈.P..
#.∩.!)≈≈....≈≈≈≈≈≈PP.≈P≈≈≈.
#..!.#≈≈≈.P≈P≈≈≈≈≈..P≈≈≈≈≈≈
##############≈#######≈#≈##
≈≈≈≈ ≈≈≈≈≈≈≈ ≈≈≈≈≈ ≈≈≈≈≈≈≈
≈≈≈ ≈≈≈≈≈


You could see 3 kobold brigands and a kobold.

Vanquished Creatures
  An ice beast (D:4)
  A kobold brigand (Sewer)
  A hound skeleton (D:4)
  3 adders
  A worm (D:2)
  A dart slug (D:1)
  An orc (D:3)
  8 ball pythons
  7 endoplasms
  6 giant cockroaches
  10 goblins
  5 hobgoblins
  7 jackals
  8 quokkas
  8 bats
  5 frilled lizards
  5 kobolds
  8 rats
86 creatures vanquished.

Vanquished Creatures (others)
  A plant (Sewer)
  3 withered plants (D:1)
4 creatures vanquished.

Grand Total: 90 creatures vanquished

Notes
Turn   | Place    | Note
-------+----------+-------------------------------------------
     0 | D:1      | avis the Merfolk Transmuter began the quest for the Orb.
     0 | D:1      | Reached XP level 1. HP: 15/15 MP: 3/3
   148 | D:1      | Reached XP level 2. HP: 14/21 MP: 3/5
   497 | D:1      | Reached skill level 4 in Unarmed Combat
   894 | D:1      | Found a faded altar of an unknown god.
   973 | D:1      | Reached XP level 3. HP: 24/27 MP: 4/6
  1234 | D:1      | Learned a level 3 spell: Spider Form
  1868 | D:2      | Reached XP level 4. HP: 33/33 MP: 5/7
  1914 | D:2      | Reached skill level 1 in Poison Magic
  2344 | D:3      | Reached skill level 5 in Unarmed Combat
  2416 | D:3      | Found a runed translucent door.
  2425 | D:3      | Noticed vexzain's ghost (amateur MfMo)
  3220 | D:4      | Found a glowing silver altar of Zin.
  3276 | D:4      | Noticed an ice beast
  3295 | D:4      | Killed an ice beast
  3296 | D:4      | Reached skill level 6 in Unarmed Combat
  3296 | D:4      | Reached XP level 5. HP: 15/39 MP: 1/8
  3336 | D:4      | Found a glowing drain.
  3372 | Sewer    | Entered a sewer
  3632 | Sewer    | Reached XP level 6. HP: 47/47 MP: 3/9
  3715 | Sewer    | Succumbed to a kobold brigand's poison

Illustrated notes

Levels and vault maps discovered:
D:1:      mainiacjoe_arrival_reflecting_pool, layout_rooms,
          shapermc_ecumenical_altar_flowoftime, serial_corexii_hall,
          chequers_hall_statues_y, corexii_hall_statues_x, minmay_tall_x
D:2:      layout_basic
D:3:      layout_basic, ebering_ghost_sewer_d, hangedman_decor_slide_cut
D:4:      layout_loops_ring, amcnicky_altar_gilded, gup_sewer_entry_pipe,
          chequers_mini_garden
Sewer:    kennysheep_pipe_town

Skill      XL: |  1  2  3  4  5 |
---------------+----------------+-----
Unarmed Combat | 4 6 |  6.7
Fighting       | 2 3 |  3.0
Poison Magic   | 1 |  1.0
Dodging        | 3 |  3.0
Transmutations | 3 |  3.0
Spellcasting   | |  2.0

Action                   |  1- 3 |  4- 6 || total
-------------------------+-------+-------++-------
Melee: Unarmed           |   119 |   121 ||   240
       Headbutt          |    19 |     5 ||    24
       Punch             |     3 |     1 ||     4
Throw: Boomerang         |       |    10 ||    10
 Cast: Beastly Appendage |    32 |    16 ||    48
       Spider Form       |     1 |    11 ||    12
 Stab: Sleeping          |     4 |     3 ||     7
Armor: Robe              |    12 |    10 ||    22
       Skin              |       |     3 ||     3
Dodge: Dodged            |    66 |    97 ||   163

Table legend: (Time is in decaauts)
 A = Elapsed time spent in this place.
 B = Non-inter-level travel time spent in this place.
 C = Inter-level travel time spent in this place.
 D = Time resting spent in this place.
 E = Time spent auto-exploring this place.
 F = Levels seen in this place.
 G = Mean time per level.
                   A        B        C        D        E       F      G
               +--------+--------+--------+--------+--------+-----+--------+
         Total |   3695 |   3402 |    293 |   1081 |   1356 |   5 |  739.0 |
       Dungeon |   3360 |   3067 |    293 |    833 |   1356 |   4 |  840.0 |
         Sewer |    334 |    334 |      0 |    248 |      0 |   1 |  334.0 |
               +--------+--------+--------+--------+--------+-----+--------+

Top non-repeatable levels by time:
     D:1: 1361 daAuts
     D:2: 946 daAuts
     D:3: 837 daAuts
   Sewer: 334 daAuts
     D:4: 214 daAuts
